 Dungeon Crawl Stone Soup version 0.29.1-1-gd02db6906a (webtiles) character file.

Game seed: 7848894180617802544

35744 MisterFreud the Unseen (level 13, -15/99 HPs)
             Began as a Felid Berserker on Sept 24, 2022.
             Was a High Priest of Trog.
             Shot with a bolt by a naga sharpshooter (20 damage)
             ... on level 2 of the Snake Pit on Sept 25, 2022.
             The game lasted 00:36:40 (29908 turns).

MisterFreud the Unseen (Felid Berserker)           Turns: 29908, Time: 00:36:40

Health: -15/99     AC:  3    Str: 19    XL:     13   Next: 49%
Magic:  0/14       EV: 37    Int:  9    God:    Trog [*****.]
Gold:   2350       SH:  0    Dex: 29    Spells: 12/12 levels left
                                        Lives:  0   Deaths: 3

rFire   . . .      SeeInvis +     - Unarmed
rCold   + . .      Faith    .   (shield unavailable)
rNeg    . . .      Spirit   +   (body armour unavailable)
rPois   .          Reflect  .   (helmet unavailable)
rElec   +          Harm     .   (cloak unavailable)
rCorr   .          Rampage  .   (gloves unavailable)
Will    +++..                   (boots unavailable)
Stlth   ..........              k - amulet of guardian spirit
HPRegen 1.26/turn               m - +4 ring of slaying
MPRegen 0.14/turn               N - ring "Uthuasch" {rElec Str+6 Dex+6}

@: berserking, lethally poisoned (-15 -> -24), strong-willed, regenerating, very
quick
A: very small, claws 1, fangs 3, see invisible, speed 1, shaggy fur 3, stealthy
paws, no weapons or thrown items, no armour, multi-lived
a: Renounce Religion, Berserk, Trog's Hand, Brothers in Arms


You were on level 2 of the Snake Pit.
You worshipped Trog.
Trog was extremely pleased with you.
You visited 4 branches of the dungeon, and saw 24 of its levels.
You also visited: Ossuary.

You collected 2819 gold pieces.
You spent 469 gold pieces at shops.

Inventory:

Jewellery
 f - a +6 ring of dexterity
 k - an amulet of guardian spirit (around neck)
 m - a +4 ring of slaying (left paw)
 n - a +4 ring of protection
 z - a +6 ring of intelligence
 G - a ring of ice
 H - a ring of flight
 I - an amulet of faith
 L - a ring of fire
 M - a ring of ice
 N - the ring "Uthuasch" (right paw) {rElec Str+6 Dex+6}
   (You bought it in a shop on level 14 of the Dungeon)

   [ring of dexterity]

   Str:       It affects your strength (+6).
   Dex:       It affects your dexterity (+6).
   rElec:     It insulates you from electricity.
Wands
 l - a wand of charming (27)
 p - a wand of quicksilver (23)
 t - a wand of polymorph (7)
 u - a wand of roots (7)
 w - a wand of flame (80)
 x - a wand of mindburst (11)
Scrolls
 a - 14 scrolls of teleportation
 b - a scroll of silence
 c - 4 scrolls of blinking
 o - 2 scrolls of summoning
 r - 3 scrolls of fog
 D - 3 scrolls of magic mapping
 P - a scroll of fear
Potions
 d - a potion of heal wounds
 e - 4 potions of mutation
 g - 6 potions of magic
 h - 5 potions of ambrosia
 i - 11 potions of curing
 j - 4 potions of invisibility
 q - a potion of might
 s - 2 potions of attraction
 v - 4 potions of lignification
 A - 3 potions of cancellation
 B - a potion of flight
 F - a potion of resistance
 J - a potion of haste
 K - 3 potions of berserk rage
Miscellaneous
 y - a phantom mirror
 C - a condenser vane
 E - a phial of floods
 O - a phial of floods


   Skills:
 + Level 13.3 Fighting
 - Level 15.0 Dodging
 - Level 20.0 Stealth
 + Level 18.8 Unarmed Combat
 - Level 12.0 Evocations


You had 12 spell levels left.
You didn't know any spells.
Your spell library was empty.

Dungeon Overview and Level Annotations

Branches:
Dungeon (15/15)            Temple (0/1) D:4            Lair (5/5) D:11
 Shoals (0/4) Lair:3        Snake (2/4) Lair:2        Slime (0/5) Lair:4
    Orc (2/2) D:10            Elf (0/3) Orc:2        Vaults (0/5) D:14
 Depths (0/4) D:15        Ossuary (visited)

Altars:
Cheibriados
Dithmenos
Fedhas
Kikubaaqudgha
Makhleb
Nemelex Xobeh
Okawaru
Trog
Vehumet
Yredelemnul
The Shining One

Shops:
D:2 =   D:5 (?!   D:7 [   D:14 *   Orc:2 [(:*

Annotations:
D:10 3 runed translucent doors, enotiy's ghost, novice MiFi
D:11 1 runed translucent door
D:12 3 runed translucent doors, dunno567's ghost, journeyman HOFi
Lair:4 1 runed translucent door


Innate Abilities, Weirdness & Mutations

You have sharp claws.
You have razor-sharp teeth.
You have supernaturally acute eyesight. (SInv)
You cover ground quickly. (Speed+)
Your thick and shaggy fur keeps you warm. (AC +3, rC+)
Your paws help you pounce on unaware monsters.
You are incapable of wielding weapons or throwing items.
You cannot wear armour.
You gain extra lives every three experience levels.


Message History

You are more poisoned.
The anaconda completely misses you. x3; The anaconda closely misses you.
Unknown command.
A red film seems to cover your vision as you go berserk!
You feel yourself moving faster!
You feel mighty!
You feel sick.
You are more poisoned.
The anaconda completely misses you. x4
The naga ritualist completely misses you.
You claw the anaconda!
The anaconda is moderately wounded.
You feel sick. The anaconda completely misses you. The anaconda misses you.
The naga ritualist hits you from afar with a +0 glaive!!
* * * LOW HITPOINT WARNING * * *
You closely miss the anaconda.
The anaconda is moderately wounded.
You feel sick. The anaconda grabs you. The anaconda closely misses you.
The anaconda constricts you.
* * * LOW HITPOINT WARNING * * *
You mangle the anaconda!!
The anaconda is severely wounded.
You feel sick.
* * * LOW HITPOINT WARNING * * *
You are more poisoned.
You mangle the anaconda!!
You kill the anaconda!
Trog accepts your kill.
You feel sick. The naga ritualist spits poison at you.
The splash of poison hits you.
You are more poisoned.
* * * LOW HITPOINT WARNING * * *
* * * LOW HITPOINT WARNING * * *
You feel sick.
* * * LOW HITPOINT WARNING * * *
You are more poisoned.
The naga ritualist's toxic aura wanes.
The naga sharpshooter casts a spell.
The naga sharpshooter magically shoots a bolt.
The bolt hits you!!
You die...

..... #...#
#...# #.8.# #
#...# #
#.#...#.#
#..S..# ###N###
##..N@.#######
#.#####.##.8.##
#.......#.....#
+...8...'..<.8#
#.......#.....#
#.#####.##.8.##
# .####### ##


You could see a naga sharpshooter, a naga ritualist (catching breath) and a mana
viper.

Vanquished Creatures
  Gastronok (Lair:1)
  2 orc warlords
  Azrael (Orc:2)
  A dire elephant (Lair:5)
  Snorg (D:14)
  Fannar (Lair:1)
  A fire dragon (D:15)
  A deep elf high priest (D:14)
  5 hydras
  4 boulder beetles
  An ice dragon (D:15)
  Erolcha (D:9)
  A catoblepas (Lair:5)
  A two-headed ogre (D:12)
  A death knight (D:14)
  2 anacondas
  8 centaur warriors
  10 death yaks
  A deep troll shaman (Lair:5)
  2 naga warriors (Snake:1)
  A tengu warrior (D:14)
  A shock serpent (Snake:1)
  Urug (Orc:2)
  A naga sharpshooter (Snake:1)
  An orc high priest (Orc:2)
  Nergalle (Orc:2)
  6 skeletal warriors
  Sonja (Orc:2)
  A flayed ghost (D:14)
  2 naga ritualists (Snake:1)
  2 wizards (D:14)
  Pikel (D:9)
  A phantasmal warrior (D:14)
  2 orc knights (Orc:2)
  5 mana vipers (Snake:1)
  4 orc sorcerers
  7 cyclopes
  5 manticores
  7 ugly things
  2 salamanders (Snake:1)
  Maurice (D:8)
  9 black mambas
  7 elephants
  8 cane toads
  A naga mage (Snake:1)
  2 rime drakes
  An efreet (D:13)
  A freezing wraith (D:14)
  2 unseen horrors (D:10)
  2 yaktaurs
  12 komodo dragons
  A queen bee (shapeshifter) (D:14)
  10 trolls
  A queen bee (D:9)
  2 polar bears
  A wind drake (Lair:3)
  7 blink frogs
  2 blink frogs (shapeshifter)
  2 hornets (D:9)
  8 slime creatures
  A centaur simulacrum (D:14)
  3 wyverns
  A spriggan (shapeshifter) (D:13)
  5 wraiths
  A vampire (D:8)
  A shadow (D:11)
  35 yaks
  A fire elemental (Orc:2)
  3 basilisks
  A hog (shapeshifter) (D:15)
  7 vampire mosquitoes
  A steam dragon (D:8)
  2 acid dragons (D:12)
  2 wargs
  3 nagas (Snake:1)
  Duvessa (D:4)
  A hell hound (Orc:2)
  9 water moccasins
  19 orc warriors
  3 ice beasts
  2 black bears
  5 ogres
  16 centaurs
  8 wolves
  2 phantoms (D:5)
  Blork the orc (Orc:2)
  5 kobold brigands
  3 scorpions
  11 bullfrogs
  3 necrophages
  A water moccasin zombie (D:5)
  5 wights (D:8)
  A hornet simulacrum (D:15)
  Dowan (D:4)
  14 killer bees
  7 howler monkeys
  5 centaur zombies
  A human zombie (Ossuary)
  3 bullfrog zombies (D:5)
  4 hounds
  3 jellies
  2 bullfrog skeletons (D:5)
  17 orc priests
  4 iguanas
  2 gnoll boudas
  23 orc wizards
  7 hell rats (Lair:3)
  A scorpion zombie (D:5)
  A hound zombie (D:5)
  A hound skeleton (D:5)
  4 mummies (Ossuary)
  A howler monkey zombie (D:5)
  7 adders
  15 gnolls
  A shadow imp (D:7)
  An adder zombie (D:5)
  2 worms
  A dart slug (D:5)
  48 orcs
  4 endoplasms
  A giant cockroach (D:1)
  2 gnoll zombies (Ossuary)
  3 goblins
  6 hobgoblins
  2 quokkas
  7 ball pythons
  15 bats
  4 frilled lizards
  2 goblin zombies (Ossuary)
  32 kobolds
  2 orc zombies (Ossuary)
  A quokka zombie (D:8)
  11 rats
  A rat zombie (D:8)
610 creatures vanquished.

Vanquished Creatures (collateral kills)
  A boulder beetle (D:11)
  A death yak (Lair:5)
  2 skeletal warriors (D:13)
  A deep elf pyromancer (D:15)
  4 ugly things (D:15)
  A manticore (D:13)
  A black mamba (Lair:3)
  2 trolls
  A fire elemental (Orc:2)
  A water moccasin (Lair:3)
  A hell hound (Orc:2)
  9 killer bees (D:9)
  A howler monkey (D:13)
26 creatures vanquished.

Vanquished Creatures (others)
  A hell hound (Orc:2)
  19 fungi
  27 plants
  3 withered plants (D:5)
50 creatures vanquished.

Grand Total: 686 creatures vanquished

Notes
Turn   | Place    | Note
-------+----------+-------------------------------------------
     0 | D:1      | MisterFreud the Felid Berserker began the quest for the
                  | Orb.
     0 | D:1      | Reached XP level 1. HP: 10/10 MP: 2/2
   224 | D:1      | Reached skill level 1 in Stealth
   381 | D:1      | Reached XP level 2. HP: 14/14 MP: 3/3
   451 | D:1      | Found a faded altar of an unknown god.
   619 | D:1      | Reached skill level 2 in Stealth
  1041 | D:1      | Reached ** piety under Trog
  1497 | D:2      | Reached XP level 3. HP: 17/17 MP: 4/4
  1526 | D:2      | Reached skill level 3 in Stealth
  1922 | D:2      | Found Riotsunk's One-of-a-Kind Rings.
  2879 | D:3      | Found a snail-covered altar of Cheibriados.
  2882 | D:3      | Found an ancient bone altar of Kikubaaqudgha.
  2882 | D:3      | Found a radiant altar of Vehumet.
  2885 | D:3      | Found a bloodstained altar of Trog.
  2983 | D:3      | Reached XP level 4. HP: 21/21 MP: 5/5
  3084 | D:3      | Noticed a scorpion
  3090 | D:3      | Killed a scorpion
  3091 | D:3      | Reached skill level 4 in Stealth
  3387 | D:3      | Reached XP level 5. HP: 24/24 MP: 6/6
  3646 | D:4      | Noticed an orc warrior
  3672 | D:4      | Killed an orc warrior
  3673 | D:4      | Reached skill level 5 in Dodging
  3673 | D:4      | Reached skill level 5 in Stealth
  3673 | D:4      | Reached skill level 5 in Unarmed Combat
  3673 | D:4      | Gained mutation: You are covered in thick fur. (AC +2)
                  | [Felid growth]
  3673 | D:4      | Reached XP level 6. HP: 5/28 MP: 7/7
  4144 | D:4      | Reached *** piety under Trog
  4158 | D:4      | Noticed Dowan
  4159 | D:4      | Noticed Duvessa
  4326 | D:5      | Entered Level 5 of the Dungeon
  4463 | D:5      | Noticed an ice beast
  4470 | D:5      | Killed an ice beast
  4655 | D:5      | Found Lyhucerita's Magic Scroll Shoppe.
  4665 | D:5      | Bought a scroll of teleportation for 39 gold pieces
  4665 | D:5      | Bought a scroll of identify for 26 gold pieces
  4698 | D:5      | Reached XP level 7. HP: 27/31 MP: 8/8
  4703 | D:5      | Reached skill level 6 in Stealth
  4928 | D:4      | Found a staircase to the Ecumenical Temple.
  5032 | D:4      | Killed Duvessa
  5039 | D:4      | Killed Dowan
  5308 | D:5      | Found Mahoubett's Distillery.
  5327 | D:5      | Bought a potion of invisibility for 88 gold pieces
  5450 | D:5      | Reached XP level 8. HP: 33/34 MP: 9/9
  5489 | D:5      | Reached skill level 10 in Dodging
  5637 | D:5      | Reached skill level 5 in Fighting
  5785 | D:5      | Reached **** piety under Trog
  5792 | D:5      | Found Nuun's Weapon Shop.
  5959 | D:6      | Reached XP level 9. HP: 17/41 MP: 10/10
  6237 | D:6      | Reached skill level 7 in Stealth
  6667 | D:6      | Found a shadowy altar of Dithmenos.
  6861 | D:6      | Found a basalt altar of Yredelemnul.
  7059 | D:7      | Reached skill level 8 in Stealth
  7270 | D:7      | Found Dunugoy's Armour Shoppe.
  7276 | D:7      | Reached skill level 9 in Stealth
  7784 | D:8      | Found a sand-covered staircase.
  7794 | Ossuary  | Entered an ossuary
  8164 | D:8      | Found a blossoming altar of Fedhas.
  8456 | D:8      | Reached ***** piety under Trog
  8496 | D:8      | Reached XP level 10. HP: 35/45 MP: 11/11
  8620 | D:8      | Noticed Maurice
  8624 | D:8      | Killed Maurice
  8625 | D:8      | Reached skill level 10 in Stealth
  9459 | D:9      | Reached skill level 10 in Unarmed Combat
  9461 | D:9      | Reached skill level 1 in Evocations
  9721 | D:9      | Found a flagged portal.
  9828 | D:9      | Noticed Pikel
  9837 | D:9      | Killed Pikel
 10036 | D:9      | Noticed Erolcha
 10047 | D:9      | Killed Erolcha
 10048 | D:9      | Reached skill level 5 in Evocations
 10048 | D:9      | Reached XP level 11. HP: 51/51 MP: 12/12
 10548 | D:10     | Entered Level 10 of the Dungeon
 10750 | D:10     | Found a runed translucent gate.
 11266 | D:10     | Reached skill level 10 in Fighting
 11381 | D:10     | Found a glowing golden altar of the Shining One.
 11390 | D:10     | Found a runed translucent gate.
 11390 | D:10     | Found a runed translucent gate.
 11395 | D:10     | Noticed enotiy's ghost (novice MiFi)
 11409 | D:10     | Found a staircase to the Orcish Mines.
 12085 | D:11     | Found a runed translucent door.
 12086 | D:11     | Noticed a +1 demon blade of draining
 12086 | D:11     | Noticed a +1 demon trident of pain
 12086 | D:11     | Noticed a +0 vampiric demon whip
 12128 | D:11     | Noticed a boulder beetle
 12150 | D:11     | Killed a boulder beetle
 12869 | D:11     | Reached skill level 15 in Dodging
 13047 | D:11     | Found a staircase to the Lair.
 13458 | D:11     | Found a burning altar of Makhleb.
 13526 | D:12     | Noticed an eight-headed hydra
 13529 | D:12     | Killed an eight-headed hydra
 13615 | D:12     | Gained mutation: Your thick and shaggy fur keeps you warm.
                  | (AC +3, rC+) [Felid growth]
 13615 | D:12     | Reached XP level 12. HP: 58/58 MP: 13/13
 13688 | D:12     | Noticed a two-headed ogre
 13695 | D:12     | Killed a two-headed ogre
 14121 | D:12     | Noticed a centaur warrior
 14131 | D:12     | Killed a centaur warrior
 14356 | D:12     | Found a runed translucent gate.
 14356 | D:12     | Found a runed translucent gate.
 14358 | D:12     | Found a runed translucent gate.
 14358 | D:12     | Noticed a tengu warrior
 14359 | D:12     | Noticed a naga warrior
 14360 | D:12     | Noticed a naga warrior
 14360 | D:12     | Noticed dunno567's ghost (journeyman HOFi)
 14361 | D:12     | Noticed a centaur warrior
 14664 | D:12     | Found an iron altar of Okawaru.
 14741 | Lair:1   | Entered Level 1 of the Lair of Beasts
 14823 | Lair:1   | Noticed Gastronok
 14840 | Lair:1   | Killed Gastronok
 15110 | Lair:1   | Noticed Fannar
 15117 | Lair:1   | Killed Fannar
 15199 | Lair:1   | Noticed a death yak
 15201 | Lair:1   | Noticed a death yak
 15201 | Lair:1   | Noticed a death yak
 15214 | Lair:1   | Killed a death yak
 15223 | Lair:1   | Killed a death yak
 15224 | Lair:1   | Killed a death yak
 15320 | Lair:1   | Identified a scroll of acquirement
 16208 | Lair:2   | Found a staircase to the Snake Pit.
 16577 | Lair:2   | Identified the +5 rapier of Tuashral {flame, Str-3 Dex+4
                  | Stlth+}
 17034 | Lair:3   | Reached XP level 13. HP: 51/61 MP: 11/14
 17388 | Lair:3   | HP: 2/91 [death yak (20)]
 17398 | Lair:3   | Killed from afar by a wind drake
 17399 | Lair:3   | Reached XP level 12. HP: -4/58 MP: 0/13
 17452 | Lair:3   | Noticed a seven-headed hydra
 17462 | Lair:3   | Killed a seven-headed hydra
 17628 | Lair:3   | Killed a death yak
 17629 | Lair:3   | Reached skill level 10 in Evocations
 17635 | Lair:3   | Killed a death yak
 17636 | Lair:3   | Reached skill level 11 in Stealth
 17854 | Lair:3   | Found a staircase to the Shoals.
 18255 | Lair:3   | Acquired a manual of Stealth
 18468 | Lair:4   | Found a runed translucent door.
 18468 | Lair:4   | Found a staircase to the Slime Pits.
 18862 | Lair:4   | Reached skill level 12 in Stealth
 19247 | Lair:5   | Entered Level 5 of the Lair of Beasts
 19732 | Lair:5   | Reached skill level 13 in Stealth
 19804 | Lair:5   | Noticed a death yak
 19804 | Lair:5   | Noticed a death yak
 19805 | Lair:5   | Noticed a catoblepas
 19805 | Lair:5   | Noticed a death yak
 19805 | Lair:5   | Noticed a death yak
 19814 | Lair:5   | Killed a death yak
 19815 | Lair:5   | Reached XP level 13. HP: 31/61 MP: 5/14
 20629 | Lair:5   | Reached skill level 14 in Stealth
 20724 | Lair:5   | Noticed a dire elephant
 20748 | Lair:5   | Killed a dire elephant
 21047 | Lair:5   | Reached skill level 15 in Stealth
 21088 | Lair:5   | Identified the +9 scimitar "Batiq" {drain, rPois Str+6}
 22259 | D:13     | HP: 3/61 [boulder beetle (12)]
 22702 | D:13     | Reached skill level 15 in Unarmed Combat
 22751 | D:13     | Acquired a manual of Unarmed Combat
 23430 | D:14     | Reached skill level 16 in Stealth
 23831 | D:14     | Reached XP level 14. HP: 66/66 MP: 15/15
 23878 | D:14     | Found a gate to the Vaults.
 23882 | D:14     | Noticed Snorg
 23885 | D:14     | Killed Snorg
 24006 | D:14     | Found a sparkling altar of Nemelex Xobeh.
 24073 | D:14     | Reached skill level 17 in Stealth
 24672 | D:14     | Found Quapty's Assorted Antiques.
 24675 | D:14     | Bought a fine turquoise ring for 100 gold pieces
 24675 | D:14     | Identified the ring "Uthuasch" {rElec Str+6 Dex+6} (You
                  | bought it in a shop on level 14 of the Dungeon)
 24675 | D:14     | Bought 2 fuming yellow potions for 36 gold pieces
 24675 | D:14     | Bought 2 scrolls of teleportation for 120 gold pieces
 24675 | D:14     | Bought a scroll of teleportation for 60 gold pieces
 24815 | D:14     | Reached skill level 18 in Stealth
 25258 | D:15     | Entered Level 15 of the Dungeon
 25571 | D:15     | Reached skill level 19 in Stealth
 25776 | D:15     | Found a staircase to the Depths.
 26162 | Orc:1    | Entered Level 1 of the Orcish Mines
 26518 | Orc:1    | Noticed an orc warlord
 26533 | Orc:1    | Killed an orc warlord
 26676 | Orc:2    | Entered Level 2 of the Orcish Mines
 26903 | Orc:2    | Found a bloodstained altar of Trog.
 26909 | Orc:2    | Noticed Azrael
 26943 | Orc:2    | Killed Azrael
 27069 | Orc:2    | Noticed Nergalle
 27069 | Orc:2    | Noticed an orc warlord
 27089 | Orc:2    | Killed Nergalle
 27098 | Orc:2    | Killed an orc warlord
 27099 | Orc:2    | Reached skill level 20 in Stealth
 27100 | Orc:2    | Noticed Blork the orc
 27102 | Orc:2    | Noticed Urug
 27124 | Orc:2    | Killed Urug
 27200 | Orc:2    | Killed Blork the orc
 27252 | Orc:2    | Reached XP level 15. HP: 42/73 MP: 9/16
 27322 | Orc:2    | Found Echots's Book Emporium.
 27645 | Orc:2    | Found Imuen's General Store.
 27680 | Orc:2    | Found a staircase to the Elven Halls.
 27845 | Orc:2    | Found Ynuwousm's Antique Weapon Emporium.
 28017 | Orc:2    | Noticed Sonja
 28022 | Orc:2    | Found Raopt's Antique Armour Emporium.
 28029 | Orc:2    | Killed Sonja
 28453 | Snake:1  | Entered Level 1 of the Snake Pit
 29211 | Snake:1  | HP: 4/109 [naga ritualist/Olgreb's Toxic Radiance (4)]
 29212 | Snake:1  | HP: 1/109 [constriction[a naga ritualist] (3)]
 29213 | Snake:1  | Succumbed to a naga ritualist's toxic radiance
 29214 | Snake:1  | Reached XP level 14. HP: -1/103 MP: 0/15
 29257 | Snake:1  | HP: 2/103 [naga ritualist/Olgreb's Toxic Radiance (6)]
 29259 | Snake:1  | Succumbed to a naga ritualist's toxic radiance
 29260 | Snake:1  | Reached XP level 13. HP: -1/99 MP: 0/14
 29908 | Snake:2  | Shot with a bolt by a naga sharpshooter

Illustrated notes

Levels and vault maps discovered:
D:1:      dpeg_arrival_ratfight, layout_basic,
          dilly_ecumenical_altar_fadedgnrine, minivault_5,
          wander_ebering_terrifying_dragon_lair
D:2:      layout_basic, nicolae_shop_unique_rings
D:3:      layout_basic, grunt_temple_overflow_open
D:4:      layout_basic, minmay_temple_entry_mist, roderic_batcave,
          guppyfry_early_orc_mine, uniq_duvessa
D:5:      layout_cave_pools, serial_undead, serial_undead_e, serial_undead_b,
          serial_undead_f, serial_undead_e, serial_undead_e, serial_undead_e,
          serial_undead_c, serial_shops, shop, shop, shop_coins
D:6:      layout_rooms, mainiacjoe_overflow_alcove_2,
          mainiacjoe_overflow_tiny_flanked
D:7:      layout_basic, serial_shops, nicolae_stop_n_shop_1
D:8:      layout_basic, fedhas_bush_and_centaur_altar, enter_ossuary_4,
          nzn_life_drinkers, uniq_maurice
D:9:      layout_grid_maze, enter_bailey_6, special_room [special_room_bee],
          uniq_erolcha, uniq_pikel
D:10:     layout_basic, kennysheep_mini, minmay_orc_entry_temple_small,
          gammafunk_ghost_necromancy
D:11:     layout_loops_corners, lair_entry_dummy, moated_statue,
          nicolae_danse_macabre
D:12:     layout_loops_corners, gammafunk_ghost_fury_of_okawaru,
          due_unseen_surprise
D:13:     four-leaf_vault, layout_basic
D:14:     minmay_the_grid_four_pointed_star_mashed
          [minmay_the_grid_triangle_9x9_swiss_cheese,
          minmay_the_grid_triangle_9x9_alien,
          minmay_the_grid_triangle_9x9_impossible_snake,
          minmay_the_grid_triangle_9x9_longest,
          minmay_the_grid_prize_diamond_cup], layout_rooms,
          nemelex_spade_bored_becter, gauntlet_entry_generic, serial_shops,
          kennysheep_mini_moat, uniq_snorg
D:15:     grunt_enter_depths_hoard, layout_rooms
Lair:1:   layout_regular_city, grunt_megastairs_5, uniq_gastronok, uniq_fannar
Lair:2:   layout_cave_shapes, guppyfry_snake_entry_island
Lair:3:   layout_regular_city, minmay_shoals_entry_beasts, lemuel_fruit_fields
Lair:4:   layout_cave_shapes, slime_entry_2
Lair:5:   grunt_lair_end_beastmaster, layout_regular_city,
          nicolae_volcano_entry_lava_flow, columned_hall_lemuel,
          serial_bayou_shore_b
Snake:1:  layout_honeycomb
Snake:2:  layout_cave_pods, serial_shops, nicolae_shop_overgrown_old_shop,
          grunt_megastairs_1
Orc:1:    layout_caves, nicolae_orc_lava_room
Orc:2:    grunt_orc_cross, layout_diamond_mine, basic_altar, uniq_azrael,
          uniq_sonja

Skill      XL: |  1  2  3  4  5  6  7  8  9 10 11 12 13 14 15 |
---------------+----------------------------------------------+-----
Stealth        | 1 2 3 4 5 6 9 10 13 16 20 | 20.0
Unarmed Combat | 4 5 6 8 10 13 15 17 18 | 18.8
Dodging        | 5 9 10 12 15 | 15.0
Fighting       | 6 8 10 13 | 13.3
Evocations     | 5 11 12 | 12.0

Action                   |  1- 3 |  4- 6 |  7- 9 | 10-12 | 13-15 || total
-------------------------+-------+-------+-------+-------+-------++-------
Melee: Unarmed           |   100 |    74 |   343 |   643 |   676 ||  1836
       Bite              |     3 |     7 |    44 |    89 |   109 ||   252
       Punch             |       |     3 |    23 |    61 |    80 ||   167
Invok: Berserk           |       |     3 |     5 |    18 |    21 ||    47
       Trog's Hand       |       |     2 |     2 |     4 |     9 ||    17
       Brothers in Arms  |       |       |       |     3 |     6 ||     9
Evoke: Wand              |       |       |       |       |     2 ||     2
  Use: Scroll            |       |     3 |    13 |    11 |    11 ||    38
       Potion            |       |       |       |       |     6 ||     6
 Stab: Sleeping          |    13 |     5 |    20 |    45 |    42 ||   125
       Distracted        |       |       |     1 |     3 |     2 ||     6
       Petrified         |       |       |       |       |     3 ||     3
Armor: Skin              |       |     5 |    14 |    12 |    15 ||    46
Dodge: Dodged            |    59 |    70 |   387 |   574 |   711 ||  1801
